 Dungeon Crawl Stone Soup version 0.26-a0-1120-ga1b6d6fda9 (webtiles) character file.

Game seed: 6335906445846734835

9085 Adamkad1 the Cleaver (level 11, -3/89 HPs)
             Began as a Formicid Fighter on Dec 17, 2020.
             Was an Initiate of Gozag.
             Slain by a phantasmal warrior (33 damage)
             ... led by a death knight
             ... on level 10 of the Dungeon.
             The game lasted 00:20:11 (13120 turns).

Adamkad1 the Cleaver (Formicid Fighter)            Turns: 13120, Time: 00:20:12

Health: -3/89      AC: 11    Str: 27    XL:     11   Next: 67%
Magic:  11/11      EV:  9    Int: 10    God:    Gozag
Gold:   1122       SH: 27    Dex:  5    Spells: 10/10 levels left

rFire    . . .     SeeInvis +   B - +0 broad axe (freeze)
rCold    . . .     Faith    .   h - +9 tower shield of the Guild-Master {Harm rN++ Str+3 Dex-5}
rNeg     + + .     Spirit   .   b - +0 scale mail
rPois    .         Reflect  .   (helmet unavailable)
rElec    .         Harm     +   f - +0 cloak
rCorr    +         Rampage  .   g - +0 pair of gloves
Will     .....                  (no boots)
Stlth    ..........             (no amulet)
HPRegen  0.24/turn              n - ring of resist corrosion
MPRegen  0.12/turn              D - ring of flight

@: weak-willed
A: permanent stasis, dig shafts and tunnels, four strong arms, antennae 3,
hooves 1, clever 1
a: Dig, Shaft Self, Renounce Religion, Evoke Flight, Potion Petition, Call
Merchant, Bribe Branch


You were on level 10 of the Dungeon.
You worshipped Gozag.
Gozag was most pleased with you.
You visited 2 branches of the dungeon, and saw 12 of its levels.

You collected 1790 gold pieces.
You spent 237 gold pieces at shops.
You paid 431 gold pieces to Gozag.

Inventory:

Hand Weapons
 B - a +0 broad axe of freezing (weapon)
Armour
 b - a +0 scale mail (worn)
 c - a +0 kite shield
 f - a +0 cloak (worn)
 g - a +0 pair of gloves (worn)
 h - the +9 tower shield of the Guild-Master (worn) {Harm rN++ Str+3 Dex-5}
   (You bought it in a shop on level 10 of the Dungeon)

   It affects your strength (+3).
   It affects your dexterity (-5).
   It greatly protects you from negative energy.
   It increases damage dealt and taken.
Jewellery
 n - a ring of resist corrosion (left hand)
 o - an uncursed amulet of regeneration
 D - a ring of flight (right hand)
Wands
 a - a wand of iceblast (15)
 m - a wand of disintegration (14)
Scrolls
 e - 8 scrolls of remove curse
 i - a scroll of magic mapping
 l - 8 scrolls of identify
Potions
 d - a potion of might
 j - a potion of magic
 k - 9 potions of curing
 p - 5 potions of attraction
 u - a potion of heal wounds


   Skills:
 * Level 9.5 Fighting
 * Level 10.3 Axes
 * Level 9.3 Armour
 + Level 2.9 Dodging
 * Level 10.2 Shields


You had 10 spell levels left.
You didn't know any spells.
Your spell library contained the following spells:

 Spells                   Type           Power        Failure   Level
 Shock                    Conj/Air       0%           90%         1
 Static Discharge         Conj/Air       0%           99%         3
 Airstrike                Air            0%           100%        4
 Lightning Bolt           Conj/Air       0%           100%        5
 Swiftness                Air            Unusable     N/A         2

Dungeon Overview and Level Annotations

Branches:
Dungeon (11/15)            Temple (1/1) D:5            Lair (0/6) D:8
    Orc: D:9-12

Altars:
Ashenzari
Cheibriados
Dithmenos
Elyvilon
Fedhas
Gozag
Hepliaklqana
Kikubaaqudgha
Makhleb
Nemelex Xobeh
Okawaru
Qazlal
Ru
Sif Muna
Trog
Uskayaw
Vehumet
Wu Jian
Xom
Yredelemnul
Zin
The Shining One

Shops:
D:10 [


Innate Abilities, Weirdness & Mutations

You cannot be hasted, slowed, berserked, paralysed or teleported.
You can dig through walls and to a lower floor.
Your four strong arms can wield two-handed weapons with a shield.
You have a pair of large antennae on your head. (SInv)
You have large cloven feet.
Your mind is acute. (Int +2)


Message History

You hit the phantasmal warrior but do no damage.
You kick the phantasmal warrior, but do no damage.
The phantasmal warrior is severely damaged.
The phantasmal warrior hits you.
Unknown command.
Unknown command.
You barely miss the phantasmal warrior.
Your kick misses the phantasmal warrior.
The phantasmal warrior is severely damaged.
The phantasmal warrior hits you!!
* * * LOW HITPOINT WARNING * * *
You block the phantasmal warrior's attack.
You feel much better.
You block the phantasmal warrior's attack.
You hit the phantasmal warrior but do no damage.
Your kick misses the phantasmal warrior.
The phantasmal warrior is severely damaged.
The phantasmal warrior hits you!!
You die...
Your body crumbles into a pile of gold.

#.........###........[)[#
#.........##<.#.......#[#
#.........#..##.......#..
#.........#.###.......###
#.........#.# #.......# #
#...........# #.......# #
#.........### #.......# #
#.........# #......<# #
#.......@.# #.......# #
#........W# #####.### #
####.###### ###..# # #.#
#...## # #.# ###.### #.#
#...# #.# #.### #.#
##.######### #.#
#..........#


You could see a phantasmal warrior.

Vanquished Creatures
  Harold (D:9)
  Erica (D:10)
  A two-headed ogre (D:10)
  A boulder beetle (D:11)
  An ugly thing (D:10)
  Grinder (D:3)
  A shadow (D:9)
  3 wraiths
  Grum (D:9)
  A soldier ant (D:10)
  2 water moccasins (D:10)
  2 sky beasts
  5 orc warriors
  3 ice beasts
  3 phantoms
  9 ogres
  2 wolves (D:9)
  3 centaurs
  2 big kobolds
  4 bullfrogs
  A wyvern skeleton (D:10)
  2 scorpions
  5 killer bees
  7 howler monkeys
  A centaur zombie (D:5)
  3 bullfrog zombies
  7 orc wizards
  5 orc priests
  9 hounds
  A jelly (D:9)
  2 bullfrog skeletons
  An iguana (D:4)
  7 worker ants
  2 hound zombies
  A hound skeleton (D:5)
  A howler monkey zombie (D:5)
  Robin (D:2)
  4 gnolls (D:5)
  14 adders
  2 shadow imps
  4 white imps
  An adder skeleton (D:9)
  3 worms
  A dart slug (D:3)
  3 leopard geckos
  33 orcs
  4 bats
  4 giant cockroaches
  2 gnoll zombies (D:4)
  10 goblins
  10 hobgoblins
  7 jackals
  9 kobolds
  3 quokkas
  A ball python (D:2)
  6 frilled lizards
  8 rats
232 creatures vanquished.

Vanquished Creatures (others)
  8 plants
8 creatures vanquished.

Grand Total: 240 creatures vanquished

Notes
Turn   | Place    | Note
-------+----------+-------------------------------------------
     0 | D:1      | Adamkad1 the Formicid Fighter began the quest for the Orb.
     0 | D:1      | Reached XP level 1. HP: 18/18 MP: 1/1
   308 | D:1      | Reached XP level 2. HP: 24/24 MP: 2/2
   772 | D:2      | Reached XP level 3. HP: 29/29 MP: 3/3
  1082 | D:3      | Reached XP level 4. HP: 37/37 MP: 4/4
  1161 | D:3      | Noticed Grinder
  1182 | D:3      | Killed Grinder
  1183 | D:3      | Reached XP level 5. HP: 25/43 MP: 5/5
  1183 | D:3      | Reached XP level 6. HP: 29/49 MP: 6/6
  1542 | D:4      | Noticed an ogre
  1544 | D:4      | Noticed a phantom
  1548 | D:4      | Killed an ogre
  1549 | D:4      | Reached skill level 5 in Shields
  1549 | D:4      | Reached XP level 7. HP: 55/55 MP: 7/7
  1632 | D:4      | Reached skill level 5 in Fighting
  1632 | D:4      | Reached skill level 5 in Axes
  2136 | D:4      | Reached skill level 5 in Armour
  2325 | D:4      | Reached XP level 8. HP: 60/62 MP: 8/8
  2573 | D:4      | Found a basalt altar of Yredelemnul.
  2595 | D:5      | Entered Level 5 of the Dungeon
  2677 | D:5      | Found a staircase to the Ecumenical Temple.
  2686 | Temple   | Entered the Ecumenical Temple
  2772 | Temple   | Became a worshipper of Gozag Ym Sagoz the Greedy
  3399 | D:2      | Noticed Robin
  3406 | D:2      | Killed Robin
  3607 | D:2      | Found an ancient bone altar of Kikubaaqudgha.
  3609 | D:2      | Found a shimmering blue altar of Sif Muna.
  3611 | D:2      | Found a glowing golden altar of the Shining One.
  3611 | D:2      | Found a snail-covered altar of Cheibriados.
  6068 | D:6      | Found a shimmering altar of Xom.
  6145 | D:6      | Reached XP level 9. HP: 69/69 MP: 9/9
  6444 | D:6      | Found a sparkling altar of Nemelex Xobeh.
  6523 | D:6      | Found a burning altar of Makhleb.
  8351 | D:7      | Reached XP level 10. HP: 75/79 MP: 10/10
  8886 | D:8      | Found a sacrificial altar of Ru.
  9337 | D:8      | Found a staircase to the Lair.
  9365 | D:8      | Found a hide-covered altar of Uskayaw.
  9631 | D:8      | Found a stormy altar of Qazlal.
  9981 | D:9      | Found a broken altar of Ashenzari.
  9982 | D:9      | Noticed Harold
 10008 | D:9      | Killed Harold
 10009 | D:9      | Reached skill level 1 in Dodging
 10104 | D:9      | Gained mutation: Your mind is acute. (Int +2) [potion of
                  | mutation]
 10104 | D:9      | Lost mutation: Your mind is acute. (Int +2) [potion of
                  | mutation]
 10104 | D:9      | Gained mutation: Your mind is acute. (Int +2) [potion of
                  | mutation]
 10104 | D:9      | Gained mutation: You have large cloven feet. [potion of
                  | mutation]
 10498 | D:9      | Noticed a boulder beetle
 10540 | D:9      | HP: 3/80 [orc warrior/boomerang (3)]
 10541 | D:10     | Entered Level 10 of the Dungeon
 11015 | D:10     | Noticed a two-headed ogre
 11066 | D:10     | Killed a two-headed ogre
 11238 | D:10     | Found Fuadwaing's Antique Armour Shop.
 11243 | D:10     | Bought a slimy tower shield for 237 gold pieces
 11243 | D:10     | Identified the +9 tower shield of the Guild-Master {Harm
                  | rN++ Str+3 Dex-5} (You bought it in a shop on level 10 of
                  | the Dungeon)
 11259 | D:10     | Noticed Erica
 11271 | D:10     | Killed Erica
 11272 | D:10     | Reached XP level 11. HP: 18/87 MP: 11/11
 12106 | D:9      | Noticed Grum
 12116 | D:9      | Reached skill level 10 in Axes
 12120 | D:9      | Killed Grum
 12507 | D:11     | Noticed a boulder beetle
 12525 | D:11     | Killed a boulder beetle
 12526 | D:11     | Reached skill level 10 in Shields
 12727 | D:11     | Noticed a red ugly thing
 12742 | D:10     | Killed a red ugly thing
 13095 | D:11     | Noticed a death knight
 13095 | D:11     | Noticed a phantasmal warrior
 13120 | D:10     | Slain by a phantasmal warrior

Illustrated notes

Levels and vault maps discovered:
D:1:      roderic_crossed_star, layout_loops_ring
D:2:      layout_basic, chequers_temple_overflow_statue_of_worship, uniq_robin
D:3:      layout_loops_ring, st_stairs_3, wad_woods_river_04, uniq_grinder
D:4:      layout_loops_ring, lemuel_zombie_altar_yredelemnul,
          serial_bayou_pond_c
D:5:      layout_cave_pods, minmay_temple_entry_antechambers
D:6:      layout_loops_ring, nemelex_xobeh_ov_fountains_minmay,
          kennysheep_mini_moat, xom_teletrap_fun
D:7:      layout_basic
D:8:      layout_gridville, eat_drink_and_be_merry_uskayaw, old_standard_altar,
          lemuel_crystal_altar, lair_entry_dummy, nrook_loot_triangle,
          minmay_misc_feat_secret_circle
D:9:      layout_basic, ashenzari_conservatory_becter, minmay_checkerbox,
          uniq_harold, uniq_grum
D:10:     layout_roguey, serial_shops, nicolae_shop_behind_doors, uniq_erica
D:11:     layout_loops_ring, david_orc_1_choice
Temple:   jpeg_temple_clearing

Skill      XL: |  1  2  3  4  5  6  7  8  9 10 11 |
---------------+----------------------------------+-----
Shields        | 4 5 6 7 9 10 | 10.2
Axes           | 4 5 6 8 9 10 | 10.3
Fighting       | 4 5 6 7 8 9 |  9.5
Armour         | 4 5 6 7 8 9 |  9.3
Dodging        | 1 2 |  2.9

Action                   |  1- 3 |  4- 6 |  7- 9 | 10-12 || total
-------------------------+-------+-------+-------+-------++-------
Melee: War axe           |    91 |    48 |   496 |    32 ||   667
       Broad axe         |       |       |       |   263 ||   263
       Kick              |       |       |       |    66 ||    66
Invok: Potion Petition   |       |       |       |     1 ||     1
 Abil: Dig               |       |       |       |     2 ||     2
Evoke: Wand              |       |       |       |     2 ||     2
  Use: Potion            |       |     2 |     1 |    11 ||    14
       Scroll            |       |       |     1 |    13 ||    14
 Stab: Distracted        |       |       |     1 |       ||     1
Armor: Scale mail        |    39 |    14 |   143 |    58 ||   254
Dodge: Dodged            |    25 |    14 |   162 |    71 ||   272
Block: Kite shield       |    44 |    23 |   273 |    67 ||   407
       Tower shield      |       |       |       |   181 ||   181

Table legend: (Time is in decaauts)
 A = Elapsed time spent in this place.
 B = Non-inter-level travel time spent in this place.
 C = Inter-level travel time spent in this place.
 D = Time resting spent in this place.
 E = Time spent auto-exploring this place.
 F = Levels seen in this place.
 G = Mean time per level.
                   A        B        C        D        E       F      G
               +--------+--------+--------+--------+--------+-----+--------+
         Total |  13382 |  13035 |    347 |   4050 |   6601 |  12 | 1115.2 |
       Dungeon |  13279 |  12947 |    332 |   4050 |   6523 |  11 | 1207.2 |
        Temple |    102 |     87 |     15 |      0 |     78 |   1 |  102.0 |
               +--------+--------+--------+--------+--------+-----+--------+

Top non-repeatable levels by time:
     D:6: 2056 daAuts
    D:10: 1781 daAuts
     D:2: 1455 daAuts
     D:4: 1454 daAuts
     D:7: 1187 daAuts
     D:3: 1087 daAuts
     D:8: 1034 daAuts
     D:5: 990 daAuts
     D:9: 965 daAuts
     D:1: 724 daAuts
    D:11: 540 daAuts
  Temple: 102 daAuts
